 Dungeon Crawl Stone Soup version 0.31.0-11-ge490571c62 (console) character file.

Game seed: 11594505209761498264

986 AlterAsc the Cleaver (level 8, 0/64 HPs)
             Began as a Hill Orc Fighter on Feb 10, 2024.
             Was a Believer of Elyvilon.
             Slain by a hound (3 damage)
             ... on level 6 of the Dungeon.
             The game lasted 00:07:03 (3694 turns).

AlterAsc the Cleaver (Hill Orc Fighter)             Turns: 3694, Time: 00:07:04

Health: 0/64       AC: 10    Str: 21    XL:     8   Next: 18%
Magic:  10/10      EV:  7    Int:  8    God:    Elyvilon [**....]
Gold:   204        SH:  0    Dex: 10    Spells: 7/7 levels left

rFire   . . .        a - +0 war axe
rCold   + . .        c - +0 buckler
rNeg    . . .        p - +0 chain mail
rPois   .            (no helmet)
rElec   .            y - +0 cloak
rCorr   .            (no gloves)
SInv    .            (no boots)
Will    .....        (no amulet) Stlth
                     A - ring of protection from cold
HPRegen 0.30/turn    (no ring)
MPRegen 0.12/turn

%: no passive effects
@: confused
A: no striking features
a: Renounce Religion, Purification, Heal Other


You were on level 6 of the Dungeon.
You worshipped Elyvilon.
Elyvilon was pleased with you.
You visited 1 branch of the dungeon, and saw 6 of its levels.

You collected 204 gold pieces.

Inventory:

Hand Weapons
 a - a +0 war axe (weapon)
 l - a +0 mace
Missiles
 r - 6 poisoned darts (quivered)
Armour
 b - a +0 scale mail
 c - a +0 buckler (worn)
 p - a +0 chain mail (worn)
 y - a +0 cloak (worn)
 C - the +0 robe of a Gauntlet {Fly rF+}
   (You found it on level 5 of the Dungeon)

   rF+:       It protects you from fire.
   Fly:       It grants you flight.
Jewellery
 A - a ring of protection from cold (left hand)
Wands
 x - a wand of flame (15)
Scrolls
 d - 2 scrolls of amnesia {unknown}
 e - 3 scrolls of noise {unknown}
 f - 4 scrolls of teleportation {unknown}
 g - a scroll of vulnerability {unknown}
 h - 10 scrolls of identify {unknown}
 j - 3 scrolls of fog {unknown}
 m - 2 scrolls of poison {unknown}
 n - a scroll of immolation {unknown}
 s - a scroll of silence {unknown}
 u - 4 scrolls of enchant weapon {unknown}
 v - a scroll of revelation {unknown}
Potions
 i - a potion of lignification {unknown}
 k - a potion of ambrosia {unknown}
 o - a potion of attraction {unknown}
 q - 2 potions of mutation {unknown}
 t - a potion of heal wounds {unknown}
 w - a potion of haste {unknown}
 z - a potion of curing {unknown}
 B - a potion of might


   Skills:
 - Level 3.6 Fighting
 + Level 11.7 Axes
 - Level 3.2 Armour
 - Level 3.2 Shields
 - Level 3.0 Invocations


You had 7 spell levels left.
You didn't know any spells.
Your spell library contained the following spells:

 Spells                   Type           Power      Damage    Failure   Level
 Apportation              Tloc           0%         N/A       98%         1
 Necrotise                Necr           0%         1d4       98%         1
 Sting                    Conj/Alch      0%         1d3       98%         1
 Summon Small Mammal      Summ           0%         N/A       98%         1
 Ensorcelled Hibernation  Hex/Ice        0%         N/A       99%         2
 Fugue of the Fallen      Necr           0%         N/A       100%        3
 Inner Flame              Hex/Fire       0%         N/A       100%        3
 Anguish                  Hex/Necr       0%         N/A       100%        4
 Brom's Barrelling Bould  Conj/Erth      0%         2d3       100%        4
 Flame Wave               Conj/Fire      0%         2d4       100%        4
 Sticky Flame             Fire/Alch      0%         2d4       100%        4
 Fireball                 Conj/Fire      0%         3d3       100%        5
 Iskenderun's Battlesphe  Conj           0%         2d6       100%        5
 Conjure Ball Lightning   Conj/Air       0%         3x3d6     100%        6
 Orb of Destruction       Conj           0%         9d5       100%        7


Dungeon Overview and Level Annotations

Branches:
Dungeon (6/15)
 Temple: D:4-7

Altars:
Dithmenos
Elyvilon
Hepliaklqana

Shops:
D:4 =


Message History

The hound barely misses you. The hound bites you but does no damage.
There is a stone staircase leading up here.
You slash the hound!
The hound is heavily wounded.
The hound bites you but does no damage. The hound barely misses you.
You hit the hound.
The hound is severely wounded.
You block the hound's attack. The hound bites you.
You hear some strange, mumbled words.
You are confused.
The hound bites you.
In your confused state, you trip and fall back down the stairs.
The hound closely misses you.
The orc warrior hits you from afar with a +0 halberd!
The hound misses you. Something hits you.
Something hits you but does no damage. The hound bites you but does no damage.
The orc warrior closely misses you.
In your confused state, you trip and fall back down the stairs.
The hound bites you but does no damage. Something hits you but does no damage.
You hear some strange, mumbled words.
You are more confused.
The orc warrior hits you from afar with a +0 halberd!
The hound barely misses you. Something hits you.
The hound pauses to sniff the ground.
The hound barely misses you.
The orc warrior hits you from afar with a +0 halberd.
In your confused state, you trip and fall back down the stairs.
The hound barely misses you. Something hits you.
Something hits you but does no damage.
The orc warrior hits you from afar with a +0 halberd!
* * * LOW HITPOINT WARNING * * *
Okay, then.
Okay, then.
The orc wizard gestures at you while chanting.
You resist with some effort.
A magic dart appears from out of thin air!
The magic dart hits you!
* * * LOW HITPOINT WARNING * * *
The hound bites you.
You die...

#.#.####........
##.#.......... ..
###...#####.....o..
#.....'.....#.# ..f
#.#...##....#.#..o.
#.#.........#.#....
#.#..........ooo#
#.#o#o####.##.#...
#.o{..#.......#
#..h..#.##........!
#.@...# ##........
#.....# #.##.####
#.....# ..# .#
#....## #### .#
...).. .# #....###
#..... #....#


You could see an orc warrior, a hound, an orc wizard and an orc.

Vanquished Creatures
  Sigmund (D:5)
  Duvessa (D:4)
  An ogre (D:4)
  A phantom (D:4)
  A scorpion (D:4)
  Dowan (D:4)
  A howler monkey (D:5)
  A hound (D:5)
  A bombardier beetle (D:5)
  An orc priest (D:5)
  Natasha (thrice) (D:4)
  An orc wizard (D:3)
  Terence (D:3)
  3 gnolls
  7 adders
  A shadow imp (D:5)
  2 ufetubi (D:5)
  A ribbon worm (D:2)
  3 dart slugs
  16 orcs
  6 bats
  9 endoplasms
  A giant cockroach (D:1)
  4 goblins
  5 hobgoblins
  4 jackals (D:3)
  3 kobolds
  5 quokkas
  5 ball pythons
  6 frilled lizards
  6 rats
102 creatures vanquished.

Notes
Turn   | Place    | Note
-------+----------+-------------------------------------------
     0 | D:1      | AlterAsc the Hill Orc Fighter began the quest for the Orb.
     0 | D:1      | Reached XP level 1. HP: 19/19 MP: 1/1
    44 | D:1      | Reached skill level 3 in Axes
   203 | D:1      | Reached XP level 2. HP: 26/26 MP: 2/2
   313 | D:1      | Reached skill level 4 in Axes
   680 | D:2      | Reached XP level 3. HP: 28/31 MP: 3/3
   808 | D:2      | Found a white marble altar of Elyvilon.
   824 | D:2      | Became a worshipper of Elyvilon the Healer
  1225 | D:2      | Reached skill level 5 in Axes
  1235 | D:2      | Reached skill level 1 in Invocations
  1436 | D:3      | Reached * piety under Elyvilon
  1443 | D:3      | Reached XP level 4. HP: 31/39 MP: 5/5
  1564 | D:3      | Noticed Terence
  1576 | D:3      | Killed Terence
  1577 | D:3      | Reached XP level 5. HP: 35/45 MP: 5/7
  1689 | D:3      | Reached skill level 6 in Axes
  2018 | D:4      | Noticed an ogre
  2057 | D:4      | Found Ipnu's Jewellery Shoppe.
  2124 | D:4      | Killed an ogre
  2125 | D:4      | Reached skill level 7 in Axes
  2125 | D:4      | Reached XP level 6. HP: 21/51 MP: 8/8
  2301 | D:4      | Reached skill level 8 in Axes
  2370 | D:4      | Reached ** piety under Elyvilon
  2465 | D:4      | Noticed Natasha
  2477 | D:4      | Killed Natasha
  2669 | D:4      | Noticed Natasha
  2672 | D:4      | Killed Natasha
  2695 | D:4      | Noticed Natasha
  2700 | D:4      | Killed Natasha
  2711 | D:5      | Entered Level 5 of the Dungeon
  2734 | D:5      | Noticed Sigmund
  2741 | D:5      | Reached skill level 9 in Axes
  2741 | D:5      | Reached XP level 7. HP: 55/57 MP: 9/9
  2747 | D:5      | Killed Sigmund
  2749 | D:5      | Reached skill level 10 in Axes
  2840 | D:5      | Noticed Duvessa
  2840 | D:5      | Noticed Dowan
  2865 | D:4      | Killed Dowan
  2869 | D:4      | Killed Duvessa
  3043 | D:4      | Reached skill level 11 in Axes
  3043 | D:4      | Reached XP level 8. HP: 62/64 MP: 10/10
  3285 | D:5      | Identified the +0 robe of a Gauntlet {Fly rF+}
  3398 | D:5      | Found a shadowy altar of Dithmenos.
  3550 | D:5      | Found a hazy altar of Hepliaklqana.
  3694 | D:6      | HP: 3/64 [something/magic dart (7)]
  3694 | D:6      | Slain by a hound

Illustrated notes

Levels and vault maps discovered:
D:1:      grunt_arrival_lava_bath, layout_loops_ring, minmay_splitting_lines
D:2:      layout_loops_ring, basic_altar, kennysheep_generic_room_4
D:3:      layout_rooms, nrook_mini_vaults, minmay_stone_trees_medium,
          minmay_ruptured, uniq_terence
D:4:      layout_cave_pools, serial_shops, shop, uniq_natasha
D:5:      layout_cave_pools, old_standard_altar,
          worldfamousw_hep_ancestral_shrine, uniq_sigmund, uniq_duvessa
D:6:      layout_basic

Skill      XL: |  1  2  3  4  5  6  7 |
---------------+----------------------+-----
Axes           | 3 4 5 7 9 11 | 11.7
Invocations    | 1 3 |  3.0
Fighting       | |  3.6
Armour         | |  3.2
Shields        | |  3.2

Action                     |  1- 3 |  4- 6 |  7- 9 || total
---------------------------+-------+-------+-------++-------
  Melee: War axe           |   106 |   115 |    74 ||   295
  Throw: Dart              |       |     2 |       ||     2
    Use: Potion            |       |       |     2 ||     2
 Armour: Scale mail        |    84 |    41 |       ||   125
         Chain mail        |       |    40 |   106 ||   146
  Dodge: Dodged            |    46 |    37 |    32 ||   115
  Block: Buckler           |    29 |    23 |    24 ||    76
